 Dungeon Crawl Stone Soup version 0.20-a0-148-gb6cfb21 (webtiles) character file.

17 Madoushi the Grave Robber (level 2, 9/22 HPs)
             Began as a Deep Dwarf Necromancer on Nov 14, 2016.
             Got out of the dungeon alive.
             The game lasted 00:05:17 (658 turns).

Madoushi the Grave Robber (Deep Dwarf Necromancer)   Turns: 658, Time: 00:05:18

Health: 9/22       AC:  2    Str: 11    XL:     2   Next: 44%
Magic:  5/5        EV: 12    Int: 15    God:
Gold:   17         SH:  0    Dex: 13    Spells: 3/5 levels left

rFire  . . .     SeeInvis .     g - +0 whip
rCold  . . .     Gourm    .     a - +0 robe
rNeg   . . .     Faith    .     (no shield)
rPois  .         Spirit   .     (no helmet)
rElec  .         Reflect  .     (no cloak)
rCorr  .         Harm     .     (no gloves)
MR     .....                    (no boots)
Stlth  ++........               (no amulet)
                                (no ring)
                                (no ring)

@: non-regenerating
A: damage resistance, recharge devices, sense surroundings 1, slow regeneration
3
a: Device Recharging


You escaped.
You were not hungry.

You visited 1 branch of the dungeon, and saw 1 of its levels.

You collected 17 gold pieces.

Inventory:

Hand Weapons
 f - a +0 spear
 g - a +0 whip (weapon)
 i - a +0 club
 m - a +3 dagger of venom
 p - a +0 dagger
Missiles
 k - 29 arrows
Armour
 a - a +0 robe (worn)
 o - a +0 robe
Wands
 c - a wand of heal wounds (5/9)
Scrolls
 j - a scroll of identify {unknown}
Potions
 e - a potion of agility {unknown}
 l - a potion of beneficial mutation {unknown}
 n - 2 potions of cancellation {unknown}
Books
 b - a book of Necromancy

   Spells                             Type                      Level
   a - Pain                           Necromancy                   1
   b - Animate Skeleton               Necromancy                   1
   c - Vampiric Draining              Necromancy                   3
   d - Regeneration                   Charms/Necromancy            3
   e - Animate Dead                   Necromancy                   4
   f - Control Undead                 Necromancy                   4
Comestibles
 d - a bread ration


   Skills:
 + Level 2.2 Dodging
 + Level 2.5 Stealth
 + Level 2.1 Spellcasting
 + Level 4.8 Necromancy


You had 3 spell levels left.
You knew the following spells:

 Your Spells              Type           Power        Failure   Level  Hunger
a - Pain                  Necr           ###.         3%          1    #......
b - Animate Skeleton      Necr           N/A          3%          1    #......


Dungeon Overview and Level Annotations

Branches:
Dungeon (1/15)

Altars:


Innate Abilities, Weirdness & Mutations

You are resistant to damage.
You can recharge devices by infusing magical energy.
You passively map a small area around you.
You do not regenerate.


Message History

Some of the chunks of flesh in your inventory have rotted away.
All of the chunks of flesh in your inventory have rotted away.
Your bat skeleton crumbles into dust!
Unknown command.
Unknown command.
Unknown command.
Unknown command.
Unknown command.
Unknown command.
No target in view!
No target in view!
Welcome back, Madoushi the Deep Dwarf Necromancer.
Press ? for a list of commands and other information.
Unknown command.
Okay, then.
There is a stone staircase leading down here.
There is a staircase leading out of the dungeon here.
You can't go down here!
Are you sure you want to leave the Dungeon?
This will make you lose the game!
You have escaped!

#......##........#
,*#......##..####### , ,,
##..##.##.##### #### ,
#......##.#...##...#
#......##........... *
#.#.#####........... ,
*#......##........... , ,,
#......##........... , ,
###...@##........... ,
#......##.#...##...#
#......##......#####
###.##.##.......## ,
#......##........# *
#......##........# , ,
#.#.#.###........#
#........##......##........#
.........##......##........#


There were no monsters in sight!

Vanquished Creatures
  A hobgoblin (D:1)
  A kobold (D:1)
  3 bats (D:1)
  A frilled lizard (D:1)
  2 goblins (D:1)
  4 rats (D:1)
12 creatures vanquished.

Vanquished Creatures (collateral kills)
  An ooze (D:1)
  A bat (D:1)
  A rat (D:1)
3 creatures vanquished.

Grand Total: 15 creatures vanquished

Notes
Turn   | Place    | Note
-------+----------+-------------------------------------------
     0 | D:1      | Madoushi the Deep Dwarf Necromancer began the quest for the Orb.
     0 | D:1      | Reached XP level 1. HP: 15/15 MP: 3/3
     8 | D:1      | Upgraded the game from 0.20-a0-46-g4a4b873 to 0.20-a0-61-ga1b20b4
   119 | D:1      | Learned a level 1 spell: Animate Skeleton
   177 | D:1      | Reached XP level 2. HP: 14/22 MP: 0/5
   344 | D:1      | Upgraded the game from 0.20-a0-61-ga1b20b4 to 0.20-a0-148-gb6cfb21
   658 | D:$      | Got out of the dungeon alive.

Vault maps used:
D:1:      dpeg_arrival_ternary

Skill      XL: |  1 |
---------------+----+-----
Spellcasting   | 2 |  2.1
Dodging        | |  2.2
Stealth        | |  2.5
Necromancy     | |  4.8

Action                   || total
-------------------------++-------
Melee: Whip              ||    17
       Unarmed           ||     3
 Cast: Pain              ||    15
       Animate Skeleton  ||     3
 Stab: Distracted        ||     2
Armor: Robe              ||     5
Dodge: Dodged            ||    33
